 Dungeon Crawl Stone Soup version 0.30-a0-1043-g60ff8d5f49 (webtiles) character file.

Game seed: 4141673884530478529

468 greenreed the Shooter (level 6, -20/48 HPs)
             Began as a Demonspawn Hunter on Apr 9, 2023.
             Demolished by Menkaure (22 damage)
             ... on level 4 of the Dungeon.
             The game lasted 00:06:18 (2859 turns).

greenreed the Shooter (Demonspawn Hunter)           Turns: 2859, Time: 00:06:19

Health: -20/48     AC:  7    Str: 15    XL:     6   Next: 81%
Magic:  7/7        EV: 13    Int: 11    God:
Gold:   205        SH:  0    Dex: 18    Spells: 6/6 levels left

rFire   + . .      SeeInvis .    t - +5 mace "Tylovuja" {freeze, rF+ Str+4}
rCold   + . .      Faith    .    (no shield)
rNeg    . . .      Spirit   .    c - +2 leather armour {rC+}
rPois   .          Reflect  .    (helmet restricted)
rElec   .          Rampage  .    (no cloak)
rCorr   .                        r - +0 pair of gloves
Will    .....                    s - +0 pair of boots
Stlth   ++                       (no amulet)
HPRegen 0.28/turn                (no ring)
MPRegen 0.10/turn                (no ring)

@: no status effects
A: horns 1, demonic magic 1
a: no special abilities


You were on level 4 of the Dungeon.
You visited 1 branch of the dungeon, and saw 4 of its levels.

You collected 205 gold pieces.

Inventory:

Hand Weapons
 a - a +0 shortbow
 k - a +0 heavy hand axe
 t - the +5 mace "Tylovuja" (weapon) {freeze, rF+ Str+4}
   (You found it on level 3 of the Dungeon)

   Str:       It affects your strength (+4).
   rF:        It protects you from fire.
Armour
 c - a +2 leather armour of cold resistance (worn)
 r - a +0 pair of gloves (worn)
 s - a +0 pair of boots (worn)
Magical Staves
 f - a staff of death
Scrolls
 b - a scroll of immolation
 d - 2 scrolls of identify {unknown}
 e - a scroll of enchant armour {unknown}
 h - 3 scrolls of teleportation {unknown}
 i - a scroll of poison {unknown}
 j - 2 scrolls of enchant weapon {unknown}
 l - a scroll of amnesia {unknown}
 o - a scroll of blinking {unknown}
 u - a scroll of noise {unknown}
Potions
 g - a potion of curing {unknown}
 m - 2 potions of mutation {unknown}
 n - a potion of lignification {unknown}
 p - 2 potions of might {unknown}
 q - a potion of heal wounds {unknown}
 v - a potion of haste {unknown}


   Skills:
 + Level 3.9 Fighting
 * Level 5.8 Ranged Weapons
 + Level 3.5 Dodging
 - Level 0.8 Stealth
 + Level 0.7 Spellcasting


You had 6 spell levels left.
You didn't know any spells.
Your spell library contained the following spells:

 Spells                   Type           Power      Damage    Failure   Level
 Ignite Poison            Fire/Tmut/Pois 0%         N/A       77%         3
 Portal Projectile        Hex/Tloc       0%         N/A       77%         3
 Tukima's Dance           Hex            0%         N/A       77%         3
 Sticky Flame             Conj/Fire      0%         2d3       99%         4
 Blade Hands              Tmut           0%         N/A       100%        5
 Ignition                 Fire           0%         3d3       100%        8


Dungeon Overview and Level Annotations

Branches:
Dungeon (4/15)
 Temple: D:4-7

Altars:

Annotations:
D:4 Menkaure


Innate Abilities, Weirdness & Mutations

You have a pair of small horns on your head.
Spells you cast may paralyse adjacent enemies.


Message History

Found an escape hatch in the ceiling.
Menkaure casts a spell at you. Pain shoots through your body!
The phantom completely misses you.
Press: ? - help, v - describe, . - travel
Here: Menkaure The floor.
You feel stronger.
The +5 mace "Tylovuja" {freeze, rF+ Str+4} glows with a cold blue light!
t - the +5 mace "Tylovuja" (weapon)
{freeze, rF+ Str+4} You hit the phantom.
The phantom is severely damaged.
Menkaure casts a spell at you.
You barely resist. The phantom misses you.
You hit Menkaure.
Menkaure is lightly damaged.
The phantom closely misses you.
The phantom hits you but does no damage.
Menkaure calls on the powers of darkness!
Your body is wracked with pain!
You sock Menkaure!
Menkaure is moderately damaged.
The phantom closely misses you.
Menkaure calls on the powers of darkness!
Your body is wracked with pain!
* * * LOW HITPOINT WARNING * * *
You completely miss Menkaure. Your headbutt misses Menkaure.
Menkaure is moderately damaged.
The phantom hits you but does no damage.
Menkaure misses you.
The phantom hits you but does no damage.
You sock Menkaure! You freeze Menkaure. You headbutt Menkaure.
Menkaure is severely damaged.
Menkaure gestures at you while chanting.
Pain shoots through your body!
* * * LOW HITPOINT WARNING * * *
The phantom hits you but does no damage.
You hit Menkaure.
Menkaure is almost destroyed.
The phantom barely misses you. Menkaure hits you!!
You die...

##<....###.#.#..
#.....#####......(#.#.>
#..#..... #............
#........ #............
#......#...##.........
#......#..##.......###
.<......# ......
#......# #.@....#
##WM..## ###..# ....
..... .#... #:.. ..


You could see a phantom and Menkaure.

Vanquished Creatures
  Sigmund (D:4)
  A black bear (D:4)
  An orc priest (D:4)
  A hound (D:4)
  A jelly (D:4)
  A gnoll (D:1)
  5 adders
  A worm (D:2)
  A dart slug (D:1)
  4 orcs (D:4)
  5 ball pythons
  7 endoplasms
  4 giant cockroaches
  5 goblins
  6 hobgoblins
  A bat (D:1)
  4 frilled lizards
  9 kobolds
  5 rats
63 creatures vanquished.

Vanquished Creatures (others)
  An orc wizard (D:4)
1 creature vanquished.

Grand Total: 64 creatures vanquished

Notes
Turn   | Place    | Note
-------+----------+-------------------------------------------
     0 | D:1      | greenreed the Demonspawn Hunter began the quest for the
                  | Orb.
     0 | D:1      | Reached XP level 1. HP: 16/16 MP: 1/1
   226 | D:1      | Gained mutation: Spells you cast may paralyse adjacent
                  | enemies. [demonic ancestry]
   226 | D:1      | Reached XP level 2. HP: 22/22 MP: 2/2
   544 | D:1      | Reached skill level 4 in Ranged Weapons
   741 | D:1      | You fall into a shaft and drop 1 floor!
   922 | D:1      | Reached XP level 3. HP: 28/28 MP: 3/3
  1362 | D:2      | Gained mutation: You have a pair of small horns on your
                  | head. [demonic ancestry]
  1362 | D:2      | Reached XP level 4. HP: 33/34 MP: 4/4
  2058 | D:3      | Identified the +5 mace "Tylovuja" {freeze, rF+ Str+4}
  2352 | D:4      | Reached XP level 5. HP: 11/41 MP: 5/5
  2512 | D:4      | Reached skill level 5 in Ranged Weapons
  2529 | D:4      | Noticed Sigmund
  2618 | D:4      | Killed Sigmund
  2619 | D:4      | Reached XP level 6. HP: 39/48 MP: 6/6
  2753 | D:4      | Noticed an orc warrior
  2851 | D:4      | Noticed Menkaure
  2858 | D:4      | HP: 1/48 [Menkaure/nerve-wracking pain (10)]
  2859 | D:4      | Demolished by Menkaure

Illustrated notes

Levels and vault maps discovered:
D:1:      heliophobic_arrival_henge, layout_basic
D:2:      layout_basic
D:3:      layout_loops_cross
D:4:      layout_cave_pools, minmay_misc_feat_columns, nicolae_eternal_life,
          st_stairs_6, minmay_crystal_room, uniq_pikel, uniq_menkaure,
          uniq_sigmund

Skill      XL: |  1  2  3  4  5 |
---------------+----------------+-----
Dodging        | 2 3 |  3.5
Ranged Weapons | 4 5 |  5.8
Fighting       | 3 |  3.9
Stealth        | |  0.8
Spellcasting   | |  0.7

Action                     |  1- 3 |  4- 6 || total
---------------------------+-------+-------++-------
  Melee: Mace              |       |    18 ||    18
         Headbutt          |       |     2 ||     2
   Fire: Shortbow          |    83 |    83 ||   166
 Armour: Leather armour    |     4 |    16 ||    20
         Robe              |       |     1 ||     1
  Dodge: Dodged            |    11 |    28 ||    39

Table legend: (Time is in decaauts)
 A = Elapsed time spent in this place.
 B = Non-inter-level travel time spent in this place.
 C = Inter-level travel time spent in this place.
 D = Time resting spent in this place.
 E = Time spent auto-exploring this place.
 F = Levels seen in this place.
 G = Mean time per level.
                   A        B        C        D        E       F      G
               +--------+--------+--------+--------+--------+-----+--------+
         Total |   2916 |   2807 |    109 |    179 |   2134 |   4 |  729.0 |
       Dungeon |   2916 |   2807 |    109 |    179 |   2134 |   4 |  729.0 |
               +--------+--------+--------+--------+--------+-----+--------+

Top non-repeatable levels by time:
     D:1: 1032 daAuts
     D:3: 786 daAuts
     D:2: 729 daAuts
     D:4: 368 daAuts
